 Dungeon Crawl Stone Soup version 0.31-a0-1111-ga3525b8 (webtiles) character file.

Game seed: 16111944573440754164

158768 NewUser1 the Impaler (level 17, -3/137 HPs)
             Began as a Demonspawn Fighter on Dec 3, 2023.
             Was an Initiate of Gozag.
             Slain by a radroach (22 damage)
             ... on level 4 of the Spider Nest.
             The game lasted 00:37:17 (28766 turns).

NewUser1 the Impaler (Demonspawn Fighter)          Turns: 28766, Time: 00:37:19

Health: -3/137     AC: 33    Str: 24    XL:     17   Next: 15%
Magic:  17/17      EV: 18    Int: 14    God:    Gozag
Gold:   4045       SH:  5    Dex: 10    Spells: 16/16 levels left

rFire   . . .        K - +8 demon trident "Rift" {distort, reach+}
rCold   + . .        c - +0 buckler
rNeg    . . .        g - +1 plate armour "Elaz" {rC+ Int+5 Dex-3}
rPois   +            p - +2 helmet {SInv}
rElec   .            t - +2 cloak {rPois}
rCorr   .            o - +2 pair of gloves {Stlth+}
SInv    +            J - +2 pair of boots {Stlth+}
Will    ++...        C - amulet of regeneration Stlth
                     j - +5 ring of evasion
HPRegen 1.22/turn    L - ring of poison resistance
MPRegen 0.15/turn

%: no passive effects
@: agile, about to teleport, contaminated, glowing, studying Spellcasting, very
slow
A: claws 2, icy blue scales 2, foul stench 2, powered by pain 2, strong-willed 1
a: Renounce Religion, Potion Petition, Call Merchant, Bribe Branch


You were on level 4 of the Spider Nest.
You worshipped Gozag.
Gozag was most pleased with you.
You visited 5 branches of the dungeon, and saw 27 of its levels.
You visited the Abyss 1 time.
You also visited: Gauntlet.

You collected 8533 gold pieces.
You spent 3188 gold pieces at shops.
You paid 1300 gold pieces to Gozag.

Inventory:

Hand Weapons
 K - the +8 demon trident "Rift" (weapon) {distort, reach+}
   (You bought it in a shop on level 1 of the Dungeon)
Armour
 a - a scarf of resistance
 c - a +0 buckler (worn)
 g - the +1 plate armour "Elaz" (worn) {rC+ Int+5 Dex-3}
   (You bought it in a shop on level 2 of the Orcish Mines)

   Int+5:     It affects your intelligence (+5).
   Dex-3:     It affects your dexterity (-3).
   rC+:       It protects you from cold.
 o - a +2 pair of gloves of stealth (worn)
 p - a +2 helmet of see invisible (worn)
 t - a +2 cloak of poison resistance (worn)
 J - a +2 pair of boots of stealth (worn)
Jewellery
 j - a +5 ring of evasion (left hand)
 s - an amulet of magic regeneration
 C - an amulet of regeneration (around neck)
 L - a ring of poison resistance (right hand)
Wands
 n - a wand of charming (35)
 u - a wand of polymorph (30)
 v - a wand of flame (43)
 x - a wand of mindburst (27)
 A - a wand of roots (19)
Scrolls
 e - 3 scrolls of blinking
 h - 25 scrolls of identify
 i - 7 scrolls of revelation
 l - 4 scrolls of immolation
 m - a scroll of enchant weapon
 q - a scroll of teleportation
 r - 5 scrolls of poison
 w - a scroll of amnesia
 B - 3 scrolls of fog
 F - 3 scrolls of fear
 G - 3 scrolls of vulnerability
Potions
 b - 3 potions of haste
 d - 5 potions of might
 f - 2 potions of lignification
 D - 3 potions of heal wounds
 H - 3 potions of curing
 N - a potion of ambrosia
Miscellaneous
 k - a phantom mirror (inert)
 y - a lightning rod (4/4)


   Skills:
 + Level 13.5 Fighting
 + Level 11.9 Long Blades
 + Level 8.7(14.2) Axes
 * Level 17.6(18.3) Polearms
 + Level 11.6 Armour
 + Level 2.7 Dodging
 + Level 3.5 Stealth
 + Level 7.7 Shields
 + Level 1.3 Evocations


You had 16 spell levels left.
You didn't know any spells.
Your spell library contained the following spells:

 Spells                   Type           Power      Damage    Failure   Level
 Apportation              Tloc           0%         N/A       98%         1
 Kiss of Death            Conj/Necr      0%         2d5       98%         1
 Necrotise                Necr           0%         1d4       98%         1
 Sandblast                Erth           0%         2d4       98%         1
 Summon Small Mammal      Summ           0%         N/A       98%         1
 Ensorcelled Hibernation  Hex/Ice        0%         N/A       99%         2
 Lesser Beckoning         Tloc           0%         N/A       99%         2
 Passwall                 Tmut/Erth      0%         N/A       99%         2
 Sublimation of Blood     Necr           0%         N/A       99%         2
 Wereblood                Tmut           0%         N/A       99%         2
 Confusing Touch          Hex            0%         N/A       100%        3
 Gell's Gravitas          Tloc           0%         N/A       100%        3
 Stone Arrow              Conj/Erth      0%         3d7       100%        3
 Swiftness                Air            0%         N/A       100%        3
 Teleport Other           Tloc           0%         N/A       100%        3
 Volatile Blastmotes      Fire/Tloc      0%         2d10      100%        3
 Anguish                  Hex/Necr       0%         N/A       100%        4
 Brom's Barrelling Bould  Conj/Erth      0%         2d3       100%        4
 Cause Fear               Hex            0%         N/A       100%        4
 Dispel Undead            Necr           0%         3d6       100%        4
 Fulminant Prism          Conj/Hex       0%         3d5       100%        4
 Iskenderun's Mystic Bla  Conj/Tloc      0%         2d3       100%        4
 Borgnjor's Vile Clutch   Necr/Erth      0%         N/A       100%        5
 Fireball                 Conj/Fire      0%         3d3       100%        5
 Summon Forest            Summ/Tloc      0%         N/A       100%        5
 Summon Mana Viper        Hex/Summ       0%         N/A       100%        5
 Eringya's Noxious Bog    Tmut/Pois      0%         4d6       100%        6
 Summon Cactus Giant      Summ           0%         N/A       100%        6
 Haunt                    Necr/Summ      0%         N/A       100%        7
 Summon Hydra             Summ           0%         N/A       100%        7
 Dragon's Call            Summ           0%         N/A       100%        9


Dungeon Overview and Level Annotations

Branches:
Dungeon (15/15)            Temple (1/1) D:6            Lair (5/5) D:9
  Swamp (0/4) Lair:3       Spider (4/4) Lair:2          Orc (2/2) D:12
    Elf (0/3) Orc:2        Vaults (0/5) D:13         Depths (0/4) D:15
Gauntlet (visited)
  Slime: Lair:4-5

Altars:
Ashenzari
Cheibriados
Dithmenos
Fedhas
Gozag
Hepliaklqana
Kikubaaqudgha
Makhleb
Nemelex Xobeh
Okawaru
Qazlal
Ru
Sif Muna
Trog
Uskayaw
Vehumet
Wu Jian
Xom
Yredelemnul

Shops:
D:1 (?   D:9 (   D:13 =(   D:14 *   Orc:2 ([([

Portals:
Trove: D:12 (give demon trident "Rift")

Annotations:
Lair:2 2 transporters, Boogie's ghost, journeyman MiHu
Lair:4 exclusion: oklob plant
Orc:2 3 runed translucent doors, Dana's ghost, journeyman MiFi
Abyss:1 Mara


Innate Abilities, Weirdness & Mutations

You have very sharp fingernails.
You are mostly covered in icy blue scales. (AC +3)
You sometimes emit foul miasma when damaged in melee.
You sometimes gain power by taking damage.
You are strong-willed. (Will+)


Message History

You are blasted with magical radiation!!!
* * * LOW HITPOINT WARNING * * *
You focus on the pain.
You feel more agile all of a sudden.
You are too injured to fight recklessly!
You are too injured to fight recklessly!
You are too injured to fight recklessly!
You are too injured to fight recklessly!
You are too injured to fight recklessly!
You are too injured to fight recklessly!
You are too injured to fight recklessly!
You are too injured to fight recklessly!
You are too injured to fight recklessly!
You are too injured to fight recklessly!
You are too injured to fight recklessly!
You are too injured to fight recklessly!
As you read the scroll of teleportation, it crumbles to dust.
You feel strangely unstable. The spark wasp completely misses you.
The radroach completely misses you.
The radroach claws you but does no damage.
The spark wasp misses you.
Unknown command.
Your unstable footing causes you to fumble your attack.
The radroach closely misses you. The radroach claws you.
* * * LOW HITPOINT WARNING * * *
The spark wasp stings you but does no damage.
You completely miss the radroach.
The radroach is almost dead.
The spark wasp stings you but does no damage.
Your unstable footing causes you to fumble your attack.
The radroach erupts in a fountain of uncontrolled magic!
You are blasted with magical radiation!!
* * * LOW HITPOINT WARNING * * *
You hit the radroach.
Space warps around the radroach.
The radroach is almost dead.
The spark wasp completely misses you.
The radroach erupts in a fountain of uncontrolled magic!
You are blasted with magical radiation!!
You die...
Your body crumbles into a pile of gold.

###...''..##..~##![
.~#
#.^...###.##~^.##+#
.~# ......#
##^~.~## ..~#
#.....# #...~# ..
..^^.## #~.~~###
... ..#..#
#...###.^ ~..~
.##..# #~.###...
##~..~# .#..## ~.~
#.~#y..^~~~ .#..#
##~. #~@..~~# .#..#
#B$$.### .#..#
#~..~# ^...# ~...##
###.## ~.~~##
..#^.### ...###
....##.# ~..~
.#.....# ##~~#
^##...###


You could see a radroach and a spark wasp.

Vanquished Creatures
  3 emperor scorpions
  5 ghost moths
  An orc warlord (Orc:2)
  A broodmother (Spider:1)
  5 spark wasps
  A minotaur (Gauntlet)
  Azrael (Spider:3)
  An ettin (Orc:2)
  2 entropy weavers
  A rakshasa (Abyss:3)
  The ghost of Ozzieoiler the Thaumaturge, a journeyman DjFE of Fedhas (D:11)
  Fannar (Lair:2)
  Erolcha (Orc:2)
  4 hydras
  2 centaur warriors
  A catoblepas (Lair:5)
  A deep troll shaman (Lair:5)
  Erica (D:11)
  2 tengu warriors
  6 boulder beetles
  4 death yaks (Lair:5)
  6 two-headed ogres
  A deep troll earth mage (D:15)
  An orc high priest (Orc:2)
  5 demonic crawlers
  Urug (D:10)
  2 wretched stars (Abyss:3)
  4 pharaoh ants
  A sun moth (Spider:4)
  2 skeletal warriors (D:14)
  2 large abominations
  8 orb spiders
  5 orc knights
  Pikel (D:5)
  7 steelbarb worms
  2 deep elf pyromancers (D:13)
  6 ugly things
  3 orc sorcerers (Orc:2)
  2 manticores
  17 wolf spiders
  2 moths of wrath (Spider:4)
  7 cyclopes
  23 elephants
  5 slime creatures
  2 smoke demons (Abyss:3)
  A black mamba (Lair:5)
  A kobold blastminer (Orc:1)
  A rust devil (Gauntlet)
  4 torpor snails
  16 cane toads
  2 kobold demonologists (D:14)
  2 rime drakes
  A yaktaur (D:15)
  An efreet (D:13)
  A freezing wraith (D:15)
  10 komodo dragons
  A tengu conjurer (D:15)
  4 trolls
  A polar bear (Lair:5)
  25 tarantellas
  3 tyrant leeches (Lair:3)
  18 blink frogs
  A hornet (D:11)
  A saltling (Orc:2)
  3 raiju (Abyss:3)
  6 dream sheep (Lair:2)
  21 jumping spiders
  12 culicivoras
  4 wraiths
  A yak (shapeshifter) (Abyss:3)
  3 fire elementals (Spider:3)
  36 yaks
  7 wyverns
  2 ynoxinuls
  11 basilisks
  A steam dragon (D:9)
  A neqoxec (Abyss:3)
  56 redbacks
  2 wargs (Orc:2)
  A swamp worm (Lair:3)
  5 acid dragons
  3 hell hounds (Spider:3)
  18 water moccasins
  22 orc warriors
  A sky beast (D:7)
  A meliai simulacrum (D:15)
  4 black bears
  2 ice beasts
  7 ogres
  9 centaurs
  4 wolves (Lair:5)
  A phantom (D:5)
  4 lemures (D:5)
  13 kobold brigands
  17 bullfrogs
  4 scorpions
  10 small abominations
  6 wights
  2 electric eels
  5 howler monkeys
  A gnoll bouda (D:7)
  2 hounds
  13 orc priests
  3 iron imps (Gauntlet)
  2 jellies
  A sleepcap (D:7)
  An iguana (D:5)
  22 orc wizards
  Robin (D:3)
  6 gnolls
  5 adders
  2 ufetubi (D:5)
  2 worms
  4 dart slugs
  87 orcs
  17 ball pythons
  7 endoplasms
  4 giant cockroaches
  15 goblins
  7 hobgoblins
  6 quokkas
  6 bats
  4 frilled lizards
  19 kobolds
  4 rats (D:1)
800 creatures vanquished.

Vanquished Creatures (collateral kills)
  A hydra (Lair:4)
1 creature vanquished.

Vanquished Creatures (others)
  A deep elf pyromancer (D:12)
1 creature vanquished.

Grand Total: 802 creatures vanquished

Notes
Turn   | Place    | Note
-------+----------+-------------------------------------------
     0 | D:1      | NewUser1 the Demonspawn Fighter began the quest for the
                  | Orb.
     0 | D:1      | Reached XP level 1. HP: 18/18 MP: 1/1
    53 | D:1      | Gained mutation: You sometimes gain a little power by
                  | taking damage. [demonic ancestry]
    53 | D:1      | Reached XP level 2. HP: 24/24 MP: 2/2
   308 | D:1      | Found Byum Nok's Magic Scroll Boutique.
   435 | D:1      | Found Bimurrig's Antique Weapon Boutique.
   527 | D:1      | Reached XP level 3. HP: 27/29 MP: 3/3
   954 | D:2      | Gained mutation: You are partially covered in icy blue
                  | scales. (AC +2) [demonic ancestry]
   954 | D:2      | Reached XP level 4. HP: 28/35 MP: 4/4
  1213 | D:2      | Identified the +1 sling of Accord {drain, rCorr}
  1507 | D:3      | Noticed Robin
  1522 | D:3      | Killed Robin
  1811 | D:3      | Gained mutation: You are mostly covered in icy blue scales.
                  | (AC +3) [demonic ancestry]
  1811 | D:3      | Reached XP level 5. HP: 41/41 MP: 5/5
  1894 | D:3      | Reached skill level 1 in Polearms
  2198 | D:4      | Reached XP level 6. HP: 42/47 MP: 6/6
  2239 | D:4      | Gained mutation: You occasionally lose the ability to drink
                  | potions when taking damage. [potion of mutation]
  2239 | D:4      | Gained mutation: Your body sometimes deteriorates upon
                  | taking damage. [potion of mutation]
  2248 | D:4      | Noticed a +0 hand axe
  2249 | D:4      | Noticed a +0 dagger
  2260 | D:4      | Found a hide-covered altar of Uskayaw.
  2297 | D:4      | Reached skill level 2 in Polearms
  2558 | D:4      | Lost mutation: Your body sometimes deteriorates upon taking
                  | damage. [potion of mutation]
  2558 | D:4      | Lost mutation: You occasionally lose the ability to drink
                  | potions when taking damage. [potion of mutation]
  2558 | D:4      | Gained mutation: You are strong-willed. (Will+) [potion of
                  | mutation]
  2942 | D:4      | Found a snail-covered altar of Cheibriados.
  3306 | D:5      | Entered Level 5 of the Dungeon
  3384 | D:5      | Reached skill level 5 in Axes
  3384 | D:5      | Gained mutation: You sometimes gain power by taking damage.
                  | [demonic ancestry]
  3384 | D:5      | Reached XP level 7. HP: 52/52 MP: 7/7
  3533 | D:5      | Noticed Pikel
  3613 | D:5      | Killed Pikel
  3614 | D:5      | Reached skill level 3 in Polearms
  3614 | D:5      | Reached skill level 1 in Dodging
  3614 | D:5      | Gained mutation: You may rarely emit foul miasma when
                  | damaged in melee. [demonic ancestry]
  3614 | D:5      | Reached XP level 8. HP: 51/60 MP: 8/8
  4103 | D:6      | Reached skill level 4 in Polearms
  4269 | D:6      | Found a staircase to the Ecumenical Temple.
  4308 | Temple   | Entered the Ecumenical Temple
  4334 | D:6      | Reached XP level 9. HP: 66/66 MP: 9/9
  4965 | D:6      | Reached skill level 5 in Armour
  4981 | D:6      | Found the +7 Throatcutter {drain, coup de grace}
  5208 | D:7      | Reached skill level 5 in Fighting
  5419 | D:7      | Reached skill level 1 in Long Blades
  5583 | D:7      | Found a stormy altar of Qazlal.
  5583 | D:7      | Found a sparkling altar of Nemelex Xobeh.
  5590 | D:7      | Found a shadowy altar of Dithmenos.
  5590 | D:7      | Found an opulent altar of Gozag.
  5591 | D:7      | Found a shimmering blue altar of Sif Muna.
  5591 | D:7      | Found a hazy altar of Hepliaklqana.
  5592 | D:7      | Found a shimmering altar of Xom.
  5598 | D:7      | Became a worshipper of Gozag Ym Sagoz the Greedy
  5875 | D:8      | Reached skill level 5 in Polearms
  6142 | D:9      | Found Faizyomn's Antique Weapon Boutique.
  6199 | D:9      | Reached XP level 10. HP: 64/74 MP: 10/10
  6330 | D:9      | Found a radiant altar of Vehumet.
  6407 | D:9      | Reached skill level 5 in Long Blades
  6712 | D:9      | Reached skill level 6 in Polearms
  6766 | D:9      | Reached skill level 5 in Shields
  6859 | D:9      | Found a staircase to the Lair.
  7309 | D:10     | Entered Level 10 of the Dungeon
  7483 | D:10     | Noticed a two-headed ogre
  7494 | D:10     | Killed a two-headed ogre
  7495 | D:10     | Reached XP level 11. HP: 55/81 MP: 11/11
  7720 | D:10     | Found an iron altar of Okawaru.
  7784 | D:10     | Noticed Urug
  7807 | D:10     | Killed Urug
  8385 | Lair:1   | Entered Level 1 of the Lair of Beasts
  8472 | Lair:1   | Reached skill level 7 in Polearms
 10225 | Lair:2   | Noticed a boulder beetle
 10226 | Lair:2   | Noticed Boogie's ghost (journeyman MiHu)
 10413 | Lair:2   | Gained mutation: You have sharp fingernails. [demonic
                  | ancestry]
 10413 | Lair:2   | Reached XP level 12. HP: 89/91 MP: 12/12
 11085 | Lair:2   | Noticed Fannar
 11104 | Lair:2   | Killed Fannar
 11105 | Lair:2   | Reached skill level 10 in Long Blades
 11105 | Lair:2   | Reached skill level 8 in Polearms
 11105 | Lair:2   | Reached skill level 1 in Stealth
 11587 | Lair:2   | Found a hole to the Spider Nest.
 11739 | Lair:2   | Found a transporter.
 11751 | Lair:2   | Found a transporter.
 12037 | Lair:3   | Noticed a boulder beetle
 12170 | Lair:3   | Killed a boulder beetle
 12607 | Lair:3   | Found a staircase to the Swamp.
 13130 | Lair:4   | Noticed a five-headed hydra
 13549 | Lair:4   | Killed a two-headed hydra
 13791 | Lair:4   | Noticed a seven-headed hydra
 13795 | Lair:4   | Killed a seven-headed hydra
 14266 | Lair:5   | Entered Level 5 of the Lair of Beasts
 14371 | Lair:4   | Gained mutation: You have very sharp fingernails. [demonic
                  | ancestry]
 14371 | Lair:4   | Reached XP level 13. HP: 92/99 MP: 13/13
 14509 | Lair:5   | Identified the +0 ring mail of Kindness {Str+3}
 14661 | Lair:5   | Reached skill level 9 in Polearms
 15203 | Lair:5   | Identified the +2 scale mail "Waaqyih" {Drain Fly rF++ rN+}
 15576 | D:1      | Bought the +8 demon trident "Rift" {distort, reach+} for
                  | 1943 gold pieces
 15576 | D:1      | Found the +8 demon trident "Rift" {distort, reach+}
 16344 | Lair:5   | Reached skill level 10 in Polearms
 16651 | Lair:5   | Reached XP level 14. HP: 97/108 MP: 14/14
 17168 | D:10     | Reached skill level 11 in Polearms
 17239 | D:11     | Noticed Erica
 17260 | D:11     | Killed Erica
 17490 | D:11     | Found a large runed translucent door.
 17490 | D:11     | Found a large runed translucent door.
 17492 | D:11     | Noticed Ozzieoiler's ghost (journeyman DjFE)
 17928 | D:11     | Killed Ozzieoiler's ghost
 17991 | D:12     | Found a gate leading to a gauntlet.
 17995 | Gauntlet | Entered a Gauntlet
 17995 | Gauntlet | Found a transporter.
 18004 | Gauntlet | Found a transporter.
 18007 | Gauntlet | Found a transporter.
 18008 | Gauntlet | Found a transporter.
 18016 | Gauntlet | Found a transporter.
 18019 | Gauntlet | Found a transporter.
 18020 | Gauntlet | Found a transporter.
 18029 | Gauntlet | Found a transporter.
 18032 | Gauntlet | Found a transporter.
 18033 | Gauntlet | Found a transporter.
 18038 | Gauntlet | Noticed a quicksilver ooze
 18041 | Gauntlet | Found a transporter.
 18044 | Gauntlet | Found a transporter.
 18045 | Gauntlet | Found a transporter.
 18058 | Gauntlet | Found a transporter.
 18521 | D:12     | Identified the +8 falchion of the Secret Demons {heavy,
                  | SInv}
 19056 | D:12     | Reached skill level 12 in Polearms
 19084 | D:12     | Found a staircase to the Orcish Mines.
 19621 | D:12     | Found a portal to a secret trove of treasure.
 20042 | D:13     | Found Jeoffi's Weapon Shoppe.
 20061 | D:13     | Found Dyutigipne's Jewellery Emporium.
 20557 | D:13     | Found a gate to the Vaults.
 20599 | D:14     | Identified the ring of Music {Int+3 SInv}
 20617 | D:14     | You fall into a shaft and drop 1 floor!
 20617 | D:15     | Entered Level 15 of the Dungeon
 20651 | D:15     | Reached skill level 13 in Polearms
 20671 | D:15     | Found a staircase to the Depths.
 20689 | D:15     | Reached skill level 10 in Fighting
 21000 | D:14     | Found Tit Nam's General Store.
 21588 | D:15     | Got the Compendium of Black Magicks
 21639 | D:15     | Reached XP level 15. HP: 67/115 MP: 15/15
 21708 | D:15     | Reached skill level 10 in Armour
 21718 | D:15     | Reached skill level 14 in Polearms
 21964 | D:15     | Found a hazy altar of Hepliaklqana.
 22124 | D:15     | Found a shimmering blue altar of Sif Muna.
 22640 | Orc:1    | Entered Level 1 of the Orcish Mines
 22778 | Orc:2    | Entered Level 2 of the Orcish Mines
 23167 | Orc:2    | Noticed Erolcha
 23172 | Orc:2    | Killed Erolcha
 23470 | Orc:2    | Found a runed translucent gate.
 23470 | Orc:2    | Noticed Dana's ghost (journeyman MiFi)
 23471 | Orc:2    | Found a runed translucent gate.
 23472 | Orc:2    | Found a runed translucent gate.
 23474 | Orc:2    | Identified the +0 chain mail of the Original Sin {Contam
                  | rPois Int+7 SInv}
 23540 | Orc:2    | Found a staircase to the Elven Halls.
 24175 | Orc:2    | Found Uziuma's Weapon Shop.
 24200 | Orc:2    | Found Nosuleax's Antique Armour Shoppe.
 24213 | Orc:2    | Found Ceogoa Qaam's Weapon Shoppe.
 24248 | Orc:2    | Bought a faintly humming plate armour for 728 gold pieces
 24248 | Orc:2    | Identified the +1 plate armour "Elaz" {rC+ Int+5 Dex-3}
                  | (You bought it in a shop on level 2 of the Orcish Mines)
 24248 | Orc:2    | Bought a pair of embroidered gloves for 195 gold pieces
 24269 | Orc:2    | Found Jocell's Armour Shoppe.
 24277 | Orc:2    | Bought a +2 helmet of see invisible for 322 gold pieces
 24643 | Spider:1 | Entered Level 1 of the Spider Nest
 24816 | Spider:1 | Reached skill level 15 in Polearms
 25959 | Spider:2 | Gained mutation: You sometimes emit foul miasma when
                  | damaged in melee. [demonic ancestry]
 25959 | Spider:2 | Reached XP level 16. HP: 127/127 MP: 3/16
 26150 | Spider:2 | Reached skill level 16 in Polearms
 26314 | Spider:2 | Reached skill level 1 in Evocations
 26873 | Spider:3 | Noticed Azrael
 26886 | Spider:3 | Killed Azrael
 27512 | Spider:4 | Entered Level 4 of the Spider Nest
 27924 | Spider:4 | Noticed Mara
 27931 | Spider:4 | Reached skill level 17 in Polearms
 27956 | Spider:4 | Noticed NewUser1's illusion
 27974 | Abyss:3  | Cast into level 3 of the Abyss (NewUser1's illusion)
 28220 | Spider:4 | Escaped the Abyss
 28222 | Spider:4 | Banished Mara
 28223 | Spider:4 | Reached XP level 17. HP: 94/109 MP: 12/15
 28766 | Spider:4 | Slain by a radroach

Illustrated notes

Levels and vault maps discovered:
D:1:      minmay_arrival_radiant_lines, layout_rooms, serial_forest,
          infiniplex_forest_end_1, infiniplex_forest_clump_diagonal,
          infiniplex_forest_end_3, infiniplex_forest_clump_long,
          infiniplex_forest_end_3, infiniplex_forest_side_room,
          infiniplex_forest_clump_C, infiniplex_forest_lined_3,
          infiniplex_forest_join, infiniplex_forest_lined_room_2, serial_shops,
          shop, nicolae_square_shop, minmay_misc_feat_pillars,
          minmay_hexomino_u4
D:2:      layout_basic
D:3:      layout_loops_ring, lightli_corner_chamber, uniq_robin
D:4:      layout_basic, kennysheep_little_box, dancing_weapons_uskayaw,
          kennysheep_dice
D:5:      layout_rooms, uniq_pikel
D:6:      layout_cave_pools, minmay_temple_entry_purple_smoke,
          minmay_misc_feat_cross, dilly_guarded_unrand_throatcut
D:7:      layout_gridville, minitemple, minmay_fountain_box
D:8:      layout_rooms, glass_columns_b
D:9:      layout_roguey, nicolae_vehumet_radiance, erik_lair_dragon,
          serial_shops, shop, nicolae_elevator_lobby_asterisk
D:10:     layout_basic, mainiacjoe_overflow_small_starburst, uniq_urug
D:11:     layout_rooms, ebering_ghost_disaster_area, grunt_ministairs_10,
          uniq_erica
D:12:     layout_stronghold, david_orc_5, enter_trove_6, gauntlet_entry_generic
D:13:     layout_loops_cross, david_vaults_4, serial_glass, glass_columns_b,
          glass_columns_b, serial_shops, nicolae_shop_gaudy_bauble, shop
D:14:     layout_roguey, serial_shops, nicolae_shop_pleasant_corner_grove
D:15:     hellmonk_depths_entry_around_the_bend, layout_irregular_city,
          nicolae_hepliaklqana_hippocampus, tgw_sif
Temple:   nicolae_temple_ecumenical_triangle
Lair:1:   layout_concentric_octagons, beast_lair_carwin_10
Lair:2:   layout_cave_pods, spider_nest_entry_webs, gammafunk_ghost_arena,
          patterned_corridor, uniq_fannar
Lair:3:   layout_chaotic_city, minmay_swamp_entry_worms
Lair:4:   layout_regular_city, minmay_slime_entry_oklob_enclosed,
          grunt_megastairs_5, lemuel_fruit_fields, lemuel_fruit_fields,
          infiniplex_staircase_pool
Lair:5:   grunt_lair_end_beastmaster, layout_hall_layers, minivault_19,
          lemuel_fruit_fields
Spider:1: layout_spider_delve, hellmonk_narrow_tunnel
Spider:2: layout_spider_delve, nicolae_spider_claw_tunnel
Spider:3: layout_spider_delve, uniq_azrael
Spider:4: spider_rune_water, uniq_mlioglotl, uniq_mara, uniq_roxanne
Orc:1:    layout_caves
Orc:2:    hellmonk_orc_salted, layout_diamond_mine, biasface_ghost_orc_armoury,
          nicolae_orc_lost_temple, uniq_erolcha

Skill      XL: |  1  2  3  4  5  6  7  8  9 10 11 12 13 14 15 16 |
---------------+-------------------------------------------------+-----
Shields        | 3 4 5 6 7 |  7.7
Armour         | 3 4 5 6 8 9 10 11 | 11.6
Axes           | 2 3 5 6 7 8 |  8.7
Polearms       | 1 2 3 4 5 6 7 8 10 13 15 17 | 17.6
Fighting       | 4 5 6 7 8 9 10 11 13 | 13.5
Dodging        | 1 2 |  2.7
Long Blades    | 3 7 9 11 | 11.9
Stealth        | 1 2 3 |  3.5
Evocations     | 1 |  1.3

Action                     |  1- 3 |  4- 6 |  7- 9 | 10-12 | 13-15 | 16-18 || total
---------------------------+-------+-------+-------+-------+-------+-------++-------
  Melee: War axe           |    88 |   181 |   177 |     8 |       |       ||   454
         Long sword        |       |       |    86 |   610 |   157 |       ||   853
         Demon trident     |       |       |       |       |  1222 |   682 ||  1904
 Invoke: Potion Petition   |       |       |       |     2 |     1 |       ||     3
  Evoke: Phantom mirror    |       |       |       |     2 |     2 |     1 ||     5
         Wand              |       |       |       |     1 |       |       ||     1
         Lightning rod     |       |       |       |       |       |     4 ||     4
    Use: Scroll            |     5 |     8 |     3 |     5 |     4 |     3 ||    28
         Potion            |     3 |     9 |     1 |     5 |     5 |     1 ||    24
   Stab: Distracted        |       |       |     1 |       |    10 |     4 ||    15
         Held in net/web   |       |       |       |       |       |     1 ||     1
 Armour: Scale mail        |     7 |       |       |       |       |       ||     7
         Chain mail        |    63 |   130 |   100 |       |       |       ||   293
         Plate armour      |       |       |   106 |   342 |   595 |   306 ||  1349
  Dodge: Dodged            |    33 |   122 |   184 |   465 |   429 |   173 ||  1406
  Block: Buckler           |    15 |    34 |    51 |   135 |   190 |    69 ||   494

Table legend: (Time is in decaauts)
 A = Elapsed time spent in this place.
 B = Non-inter-level travel time spent in this place.
 C = Inter-level travel time spent in this place.
 D = Time resting spent in this place.
 E = Time spent auto-exploring this place.
 F = Levels seen in this place.
 G = Mean time per level.
                   A        B        C        D        E       F      G
               +--------+--------+--------+--------+--------+-----+--------+
         Total |  28310 |  25878 |   2432 |    124 |  20460 |  29 |  976.2 |
       Dungeon |  14158 |  12485 |   1673 |    124 |   9926 |  15 |  943.9 |
        Temple |      1 |      1 |      0 |      0 |      0 |   1 |    1.0 |
          Lair |   8184 |   7711 |    473 |      0 |   6360 |   5 | 1636.8 |
   Spider Nest |   3583 |   3430 |    153 |      0 |   2502 |   4 |  895.8 |
  Orcish Mines |   1711 |   1580 |    131 |      0 |   1254 |   2 |  855.5 |
         Abyss |    195 |    195 |      0 |      0 |     66 |   1 |  195.0 |
      Gauntlet |    475 |    475 |      0 |      0 |    350 |   1 |  475.0 |
               +--------+--------+--------+--------+--------+-----+--------+

Top non-repeatable levels by time:
  Lair:1: 1930 daAuts
     D:9: 1851 daAuts
  Lair:2: 1830 daAuts
  Lair:5: 1820 daAuts
    D:12: 1463 daAuts
  Lair:4: 1402 daAuts
   Orc:2: 1243 daAuts
     D:4: 1209 daAuts
  Lair:3: 1200 daAuts
     D:6: 1113 daAuts
    D:10: 1110 daAuts
Spider:2: 985 daAuts
Spider:1: 984 daAuts
     D:1: 888 daAuts
    D:11: 879 daAuts
